 Dungeon Crawl Stone Soup version 0.27.1 (webtiles) character file.

Game seed: 13969273830289323500

94 murcat the Ruffian (level 4, 0/35 HPs)
             Began as a Draconian Transmuter on Aug 24, 2021.
             Slain by a gnoll (4 damage)
             ... on level 3 of the Dungeon.
             The game lasted 00:04:53 (2224 turns).

murcat the Ruffian (Draconian Transmuter)           Turns: 2224, Time: 00:04:54

Health: 0/35       AC:  5    Str: 14    XL:     4   Next: 38%
Magic:  5/7        EV: 12    Int: 13    God:
Gold:   61         SH:  0    Dex: 11    Spells: 1/7 levels left

rFire    . . .     SeeInvis +     - Unarmed
rCold    . . .     Faith    .   (no shield)
rNeg     . . .     Spirit   .   (armour unavailable)
rPois    .         Reflect  .   (helmet currently unavailable)
rElec    .         Harm     .   (no cloak)
rCorr    .         Rampage  .   (no gloves)
Will     .....                  (boots currently unavailable)
Stlth    +.........             (no amulet)
HPRegen  0.11/turn              d - ring of see invisible
MPRegen  0.10/turn              (no ring)

@: appendages, very slightly contaminated
A: horns 2, talons 2, AC +5, unfitting armour, cold-blooded
a: End Transformation


You were on level 3 of the Dungeon.
You had temporarily grown beastly horns and talons.
You visited 1 branch of the dungeon, and saw 3 of its levels.

You collected 61 gold pieces.

Inventory:

Jewellery
 d - a ring of see invisible (left hand)
Wands
 l - a wand of charming (11)
Scrolls
 c - 5 scrolls of teleportation {unknown}
 e - 2 scrolls of identify {unknown}
 f - a scroll of magic mapping {unknown}
 h - a scroll of enchant weapon {unknown}
 i - a scroll of blinking {unknown}
 j - a scroll of fog {unknown}
Potions
 a - a potion of degeneration {unknown}
 b - 2 potions of heal wounds {unknown}
 g - a potion of curing {unknown}
 k - a potion of flight {unknown}


   Skills:
 * Level 1.5 Fighting
 * Level 2.5 Dodging
 * Level 3.9 Unarmed Combat
 + Level 2.2 Spellcasting
 * Level 2.7 Transmutations
 * Level 0.3 Poison Magic


You had one spell level left.
You knew the following spells:

 Your Spells              Type           Power      Damage    Failure   Level
a - Beastly Appendage     Tmut           16%        N/A       8%          1
b - Wereblood             Tmut           8%         N/A       12%         2
c - Spider Form           Tmut/Pois      2%         N/A       36%         3

Your spell library contained the following spells:

 Spells                   Type           Power      Damage    Failure   Level
 Ice Form                 Ice/Tmut       5%         N/A       80%         4


Dungeon Overview and Level Annotations

Branches:
Dungeon (3/15)

Altars:


Innate Abilities, Weirdness & Mutations

You have temporarily grown beastly horns and talons.
Your plain brown scales are hard. (AC +5)
You cannot fit into any form of body armour.
You are cold-blooded and may be slowed by cold attacks.


Message History

The ball python hisses angrily.
You see here a +0 spear.
Things that are here:
a +0 club; a gnoll corpse Your horns disappear.
Your talons disappear.
The ball python misses you. The ball python grabs you.
The ball python constricts you.
You hit the ball python.
The ball python is heavily wounded.
The ball python bites you but does no damage.
The ball python constricts you.
The ball python bites you but does no damage.
The ball python constricts you.
* * * LOW HITPOINT WARNING * * *
You hit the ball python but do no damage.
The ball python is heavily wounded.
The ball python completely misses you. The ball python constricts you.
You punch the ball python!
You kill the ball python!
Casting: Beastly Appendage (safe; 8% risk of failure)
Press: ? - help, Q - select action, (/) - cycle Dir - look around, f - activate You miscast Beastly Appendage.
You are very lightly contaminated with residual magic.
Nothing appears to happen.
You barely miss the gnoll. The gnoll misses you.
Casting: Beastly Appendage (safe; 8% risk of failure)
Press: ? - help, Q - select action, (/) - cycle Dir - look around, f - activate You grow a pair of large bovine horns.
Your feet morph into talons.
The gnoll hits you with a +0 club.
* * * LOW HITPOINT WARNING * * *
You punch the gnoll! Your kick misses the gnoll. You headbutt the gnoll.
The gnoll is almost dead.
The gnoll misses you.
You closely miss the gnoll.
The gnoll is almost dead.
The gnoll misses you.
You barely miss the gnoll.
The gnoll is almost dead.
The gnoll hits you with a +0 club.
You die...

### # #.#########
#.........# #.#######.#
### #.# #.# # .... #.#
#.####.# ######.#
#†#..?.# .......# #.#.#
.####### #.#@##.# '###
#.#g##.# ...# #.#).#.#
## ...# ####.#..#.# ..#
...# #.......#.# g..#
...# #.##.#..#.# .g..#
+###
....#.#..#.#####.S...#
................g'..>.S#
#. #..#.####.#.###.....#


You could see a gnoll.

Vanquished Creatures
  3 adders (D:2)
  2 gnolls (D:3)
  2 dart slugs
  2 endoplasms (D:2)
  A giant cockroach (D:1)
  6 goblins
  3 hobgoblins
  3 jackals (D:1)
  3 quokkas
  6 ball pythons
  5 bats
  4 frilled lizards (D:1)
  2 kobolds (D:2)
  3 rats
45 creatures vanquished.

Vanquished Creatures (others)
  2 plants (D:1)
2 creatures vanquished.

Grand Total: 47 creatures vanquished

Notes
Turn   | Place    | Note
-------+----------+-------------------------------------------
     0 | D:1      | murcat the Draconian Transmuter began the quest for the
                  | Orb.
     0 | D:1      | Reached XP level 1. HP: 16/16 MP: 3/3
   121 | D:1      | Found a faded altar of an unknown god.
   265 | D:1      | You fall into a shaft and drop 1 floor!
   275 | D:2      | Reached XP level 2. HP: 6/23 MP: 3/5
   546 | D:1      | Learned a level 2 spell: Wereblood
   757 | D:1      | Reached XP level 3. HP: 28/28 MP: 4/6
   761 | D:1      | Learned a level 3 spell: Spider Form
  1595 | D:2      | Reached XP level 4. HP: 32/35 MP: 5/7
  2224 | D:3      | Slain by a gnoll

Illustrated notes

Levels and vault maps discovered:
D:1:      roderic_crossed_star, layout_loops_ring,
          shapermc_ecumenical_altar_mp_ritualfount
D:2:      layout_basic
D:3:      layout_basic, uniq_grinder

Skill      XL: |  1  2 |
---------------+-------+-----
Dodging        | 2 |  2.5
Fighting       | |  1.5
Unarmed Combat | |  3.9
Spellcasting   | |  2.2
Transmutations | |  2.7
Poison Magic   | |  0.3

Action                   |  1- 3 |  4- 6 || total
-------------------------+-------+-------++-------
Melee: Unarmed           |    77 |    34 ||   111
       Tailslap          |     9 |     3 ||    12
       Kick              |    11 |     7 ||    18
       Punch             |     2 |       ||     2
       Headbutt          |     6 |     1 ||     7
 Cast: Beastly Appendage |    27 |     7 ||    34
 Stab: Sleeping          |     1 |       ||     1
Armor: Skin              |    33 |     7 ||    40
Dodge: Dodged            |    36 |    22 ||    58
